 Dungeon Crawl Stone Soup version 0.21.1-1-g345015fe64 (webtiles) character file.

84 Paul32 the Skirmisher (level 4, -5/38 HPs)
             Began as a Centaur Fighter on June 21, 2018.
             Slain by a gnoll
             ... wielding a +0 spear
              (8 damage)
             ... on level 2 of the Dungeon.
             The game lasted 00:06:52 (1156 turns).

Paul32 the Skirmisher (Centaur Fighter)             Turns: 1156, Time: 00:06:53

Health: -5/38      AC:  6    Str: 19    XL:     4   Next: 24%
Magic:  4/4        EV:  5    Int:  7    God:
Gold:   114        SH:  8    Dex:  9    Spells: 3/3 levels left

rFire    . . .     SeeInvis .   a - +0 war axe
rCold    . . .     Gourm    .   c - +0 shield
rNeg     . . .     Faith    .   b - +0 scale mail
rPois    .         Spirit   .   (no helmet)
rElec    .         Reflect  .   (no cloak)
rCorr    .         Harm     .   (no gloves)
MR       .....                  (no barding)
Stlth    ..........             (no amulet)
HPRegen  0.12/turn              (no ring)
MPRegen  0.09/turn              (no ring)

@: very quick
A: large, hooves 3, deformed body, speed 2, tough skin 3
a: no special abilities


You were on level 2 of the Dungeon.
You were not hungry.

You visited 1 branch of the dungeon, and saw 2 of its levels.

You collected 114 gold pieces.

Inventory:

Hand Weapons
 a - a +0 war axe (weapon)
Armour
 b - a +0 scale mail (worn)
 c - a +0 shield (worn)
Jewellery
 e - a +3 ring of dexterity {unknown}
Scrolls
 h - 3 scrolls of remove curse {unknown}
 j - a scroll of blinking {unknown}
Potions
 d - a potion of might
 i - a potion of cancellation {unknown}
Comestibles
 f - 4 rations


   Skills:
 + Level 3.3 Fighting
 + Level 2.8 Axes
 + Level 2.7 Armour
 + Level 0.2 Dodging
 + Level 2.5 Shields


You had 3 spell levels left.
You didn't know any spells.

Dungeon Overview and Level Annotations

Branches:
Dungeon (2/15)

Altars:
Gozag

Annotations:
D:2 Robin


Innate Abilities, Weirdness & Mutations

You have hooves in place of feet.
Armour fits poorly on your strangely shaped body.
You cover ground very quickly.
You have extremely tough skin. (AC +3)


Message History

The gnoll hits you from afar with a spear.
* * * LOW HITPOINT WARNING * * *
The hobgoblin hits you but does no damage.
You hit the hobgoblin but do no damage.
The gnoll hits you from afar with a spear.
* * * LOW HITPOINT WARNING * * *
The hobgoblin hits you but does no damage.
The gnoll hits you but does no damage.
A giant cockroach comes into view.
The hobgoblin hits you but does no damage.
You barely miss the hobgoblin.
You kill the hobgoblin!
You block the gnoll's attack.
The gnoll hits you from afar with a spear!
* * * LOW HITPOINT WARNING * * *
You hit the giant cockroach.
You kill the giant cockroach!
You block the gnoll's attack. The gnoll hits you with a spear!
You die...

#.. .. .......# #.# . ..
#......# #### ..# ..
......##.... #..
.##......#.....
..#.....[...... #....
......... #.#
###..####.#...... ...
##...##..)........ ..#
##...@g..##.#...g.. ..#
#.......###.# ..... ..###
#.##.......# #.. .... ..#..
#..#.......###### ... ..#.#
..##......[## ##
..#.######........#..#
..#.#...##.#.......#.########
..†......#..................#
.........................####


You could see a gnoll.

Vanquished Creatures
  A gnoll (D:2)
  2 adders (D:2)
  2 dart slugs (D:1)
  3 leopard geckos
  5 bats
  4 giant cockroaches
  7 hobgoblins
  7 kobolds
  3 frilled lizards (D:2)
  10 goblins
  A jackal skeleton (D:2)
  A rat (D:1)
46 creatures vanquished.

Vanquished Creatures (others)
  4 toadstools (D:1)
4 creatures vanquished.

Grand Total: 50 creatures vanquished

Notes
Turn   | Place    | Note
-------+----------+-------------------------------------------
     0 | D:1      | Paul32 the Centaur Fighter began the quest for the Orb.
     0 | D:1      | Reached XP level 1. HP: 19/19 MP: 1/1
   299 | D:1      | Reached XP level 2. HP: 26/26 MP: 2/2
   825 | D:2      | Noticed Robin
   828 | D:1      | Reached XP level 3. HP: 21/31 MP: 3/3
  1053 | D:2      | Found an opulent altar of Gozag.
  1123 | D:2      | Reached XP level 4. HP: 22/38 MP: 4/4
  1156 | D:2      | Slain by a gnoll

Skill      XL: |  1 |
---------------+----+-----
Axes           | 2 |  2.8
Fighting       | |  3.3
Armour         | |  2.7
Dodging        | |  0.2
Shields        | |  2.5

Action                   |  1- 3 |  4- 6 || total
-------------------------+-------+-------++-------
Melee: War axe           |    96 |    13 ||   109
       Kick              |    19 |     4 ||    23
  Use: Potion            |     1 |       ||     1
  Eat: Ration            |     1 |       ||     1
Armor: Scale mail        |    56 |     5 ||    61
Dodge: Dodged            |    41 |     2 ||    43
Block: Shield            |    47 |     7 ||    54
